AoeStats
← darkwolf

Arena

510461417Analyzed
4v4 RM · 1d ago on Oct 1, 2026· 40m 14s· 8 players
Game mode
Random Map
Map size
Large (8 player)
Population
200
Speed
Normal
Resources
Standard
Victory
Conquest
Starting age
Dark Age
Ending age
Imperial Age
RankedLock teamsTeams togetherTeam positionsShared explorationLock speedFull tech treeHidden civsTurbo modeCheats
Victory
Defeat
🇨🇳 Slavs · China
879
+10
🇮🇳 Teutons · India
765
+15
694
+18
🇨🇴 Malay · Colombia
685
+18
🇺🇸 Romans · United States
764
-16
🇺🇸 Maya · United States
748
-16
🇺🇸 Turks · United States
732
-15
🇺🇸 Spanish · United States
715
-14
隊友不准投降不准弱
11:05 Feudal Age
11:58 Horse Collar
12:03 Double-Bit Axe
14:35 Forging
14:26 Scale Mail Armor
17:58 Castle Age
16:05 Town Watch
17:54 Loom
18:57 Heavy Plow
21:57 Fletching
24:04 Bodkin Arrow
25:44 Ballistics
36:34 Imperial Age
36:14 Elite Skirmisher
39:25 Malon
2932678840
9:43 Feudal Age
10:22 Double-Bit Axe
10:19 Horse Collar
18:55 Castle Age
19:25 Forging
19:22 Scale Barding Armor
19:59 Heavy Plow
20:13 Bow Saw
23:01 Wheelbarrow
22:48 Chain Barding Armor
24:09 Iron Casting
23:27 Gold Mining
24:37 Stone Mining
26:00 Hand Cart
26:21 Loom
32:29 Imperial Age
30:49 Bloodlines
30:39 Husbandry
30:42 Detinets
32:47 Gold Shaft Mining
33:12 Ballistics
34:42 Blast Furnace
34:18 Plate Barding Armor
34:52 Two-Man Saw
34:35 Crop Rotation
34:35 Conscription
34:14 Elite Boyar
34:35 Capped Ram
35:57 Heavy Scorpion
37:36 Siege Engineers
38:50 Scale Mail Armor
38:48 Siege Ram
vinsin4105
0:40 Loom
12:06 Feudal Age
17:24 Castle Age
16:10 Double-Bit Axe
16:43 Horse Collar
22:08 Wheelbarrow
28:45 Imperial Age
26:55 Town Watch
27:28 Bow Saw
27:20 Fletching
28:01 Heavy Plow
28:52 Hand Cart
30:05 Crenellations
30:07 Conscription
30:10 Town Patrol
31:55 Heavy Scorpion
36:10 Chemistry
35:23 Masonry
36:28 Ironclad
37:24 Ballistics
37:51 Siege Engineers
37:50 Cavalier
38:40 Bloodlines
39:30 Block Printing
sergiorh300
11:34 Feudal Age
11:22 Double-Bit Axe
11:29 Gold Mining
11:22 Horse Collar
19:59 Castle Age
19:30 Forging
20:17 Stone Mining
21:16 Bow Saw
21:00 Loom
31:16 Imperial Age
30:59 Iron Casting
33:30 Chemistry
32:51 Ballistics
33:21 Elite Karambit Warrior
37:24 Scale Barding Armor
38:19 Blast Furnace
39:59 Heavy Plow
darkwolf
11:07 Feudal Age
12:13 Double-Bit Axe
16:41 Castle Age
20:17 Man-at-Arms
21:00 Squires
20:22 Pikeman
21:59 Forging
21:50 Scale Mail Armor
22:38 Long Swordsman
24:07 Pikeman
26:45 Loom
27:58 Elite Skirmisher
28:50 Padded Archer Armor
28:41 Fletching
29:58 Wheelbarrow
29:56 Town Watch
34:16 Scale Barding Armor
34:28 Chain Mail Armor
34:11 Bodkin Arrow
41:07 Imperial Age
kingfisher1108
10:43 Feudal Age
15:54 Castle Age
19:37 Double-Bit Axe
19:35 Horse Collar
20:04 Scale Barding Armor
21:43 Light Cavalry
31:39 Imperial Age
vickshick
9:45 Loom
12:47 Feudal Age
18:55 Castle Age
17:07 Double-Bit Axe
18:09 Horse Collar
25:10 Imperial Age
26:26 Heavy Plow
29:09 Ballistics
32:35 Bloodlines
32:25 Husbandry
33:18 Forging
39:01 Wheelbarrow
38:13 Town Watch
39:26 Gold Mining
39:26 Stone Mining
.RamroD.
0:33 Loom
11:06 Feudal Age
15:46 Castle Age
17:46 Squires
19:57 Double-Bit Axe
21:34 Crossbowman
22:10 Horse Collar
24:53 Fletching
25:04 Padded Archer Armor
25:02 Elite Skirmisher
28:19 Gold Mining
29:32 Thumb Ring
31:34 Heavy Plow
31:50 Pikeman
32:20 Arson
33:41 Ballistics
37:06 Imperial Age
37:15 Halberdier
38:47 Arbalester
Connection lost

Rejoining the realm…

Still unreachable

The connection could not be restored.

Session expired

The server has moved on; the page needs a fresh start.